 Dungeon Crawl Stone Soup version 0.26-a0-738-g91b530ce93 (webtiles) character file.

Game seed: 12396687666545913617

69 Peloso the Covered (level 4, -2/40 HPs)
             Began as a Minotaur Fighter on Nov 5, 2020.
             Slain by an ice beast (11 damage)
             ... on level 2 of the Dungeon.
             The game lasted 00:02:09 (1012 turns).

Peloso the Covered (Minotaur Fighter)               Turns: 1012, Time: 00:02:09

Health: -2/40      AC:  7    Str: 21    XL:     4   Next: 2%
Magic:  3/3        EV:  7    Int:  5    God:
Gold:   108        SH:  9    Dex: 10    Spells: 3/3 levels left

rFire    . . .     SeeInvis .   a - +0 long sword
rCold    . . .     Faith    .   c - +0 kite shield
rNeg     . . .     Spirit   .   i - +0 scale mail
rPois    .         Reflect  .   (helmet restricted)
rElec    .         Harm     .   (no cloak)
rCorr    .         Rampage  .   (no gloves)
MR       .....                  (no boots)
Stlth    ..........             (no amulet)
HPRegen  0.13/turn              (no ring)
MPRegen  0.08/turn              (no ring)

@: no status effects
A: retaliatory headbutt, horns 2
a: no special abilities


You were on level 2 of the Dungeon.
You visited 1 branch of the dungeon, and saw 2 of its levels.

You collected 108 gold pieces.

Inventory:

Hand Weapons
 a - a +0 long sword (weapon)
 b - a +2 short sword of flaming
Armour
 c - a +0 kite shield (worn)
 i - a +0 scale mail (worn)
Scrolls
 e - a scroll of teleportation {unknown}
 f - 2 scrolls of remove curse {unknown}
 g - a scroll of identify {unknown}
 h - 3 scrolls of enchant weapon {unknown}
 m - a scroll of random uselessness {unknown}
Potions
 d - 2 potions of might
 j - a potion of ambrosia {unknown}
 k - a potion of haste {unknown}
 l - a potion of brilliance {unknown}


   Skills:
 + Level 4.2 Fighting
 + Level 3.3 Long Blades
 + Level 4.2 Armour
 + Level 0.4 Dodging
 + Level 4.2 Shields


You had 3 spell levels left.
You didn't know any spells.
Your spell library was empty.

Dungeon Overview and Level Annotations

Branches:
Dungeon (2/15)

Altars:


Innate Abilities, Weirdness & Mutations

You reflexively headbutt those who attack you in melee.
You have a pair of horns on your head.


Message History

You headbutt the ice beast, but do no damage.
The ice beast is moderately wounded.
The ice beast hits you but does no damage.
You hit the ice beast but do no damage.
The ice beast is moderately wounded.
The ice beast hits you but does no damage. x2
You slash the ice beast!
The ice beast is severely wounded.
The ice beast hits you. The ice beast freezes you!
You closely miss the ice beast.
You headbutt the ice beast, but do no damage.
The ice beast is severely wounded.
The ice beast hits you. The ice beast freezes you!
* * * LOW HITPOINT WARNING * * *
You hit the ice beast. Your headbutt misses the ice beast.
The ice beast is almost dead.
The ice beast hits you.
* * * LOW HITPOINT WARNING * * *
The ice beast freezes you!
You die...

#.... #
.####.#...#.#........#
....#.#.#.#.#........##.
.......................
.#.....<# .........#
.####...##..##.......#
.............#.......#
.......####..#..Y....#
###.....####.#..@....#
.................##.##
###.....####.....##.## .
.....................# ....
##....##..##.........##.....
..........##................
.....................###...#
.....................##.....
.....#.........#............


You could see an ice beast.

Vanquished Creatures
  Jessica (D:2)
  2 adders (D:2)
  2 giant cockroaches
  6 goblins
  2 hobgoblins (D:1)
  3 kobolds (D:1)
  A quokka (D:2)
  3 bats
  2 frilled lizards
  3 rats
25 creatures vanquished.

Notes
Turn   | Place    | Note
-------+----------+-------------------------------------------
     0 | D:1      | Peloso the Minotaur Fighter began the quest for the Orb.
     0 | D:1      | Reached XP level 1. HP: 19/19 MP: 0/0
   225 | D:1      | Reached XP level 2. HP: 27/27 MP: 1/1
   232 | D:1      | You fall into a shaft and drop 1 floor!
   761 | D:2      | Noticed Jessica
   772 | D:2      | Killed Jessica
   772 | D:2      | Reached XP level 3. HP: 14/33 MP: 2/2
   995 | D:2      | Noticed an ice beast
   999 | D:2      | Reached XP level 4. HP: 40/40 MP: 3/3
  1012 | D:2      | Slain by an ice beast

Illustrated notes

Levels and vault maps discovered:
D:1:      shiori_arrival_maze, layout_loops_ring, serial_glass, glass_columns_b,
          glass_columns_a, glass_columns_a, glass_columns_a, glass_columns_a,
          glass_columns_b, glass_columns_a, glass_columns_b
D:2:      layout_basic, minitemple, lemuel_crystal_altar, marbit_many_paths,
          uniq_jessica

Skill      XL: |  1  2 |
---------------+-------+-----
Fighting       | 4 |  4.2
Armour         | 4 |  4.2
Long Blades    | 3 |  3.3
Shields        | 4 |  4.2
Dodging        | |  0.4

Action                   |  1- 3 |  4- 6 || total
-------------------------+-------+-------++-------
Melee: Long sword        |    62 |    13 ||    75
       Headbutt          |     5 |     3 ||     8
  Use: Potion            |     4 |       ||     4
Armor: Scale mail        |    27 |     5 ||    32
Dodge: Dodged            |    20 |     3 ||    23
Block: Kite shield       |    35 |     5 ||    40
       Rpst.: Long sword |     7 |     2 ||     9

Table legend: (Time is in decaauts)
 A = Elapsed time spent in this place.
 B = Non-inter-level travel time spent in this place.
 C = Inter-level travel time spent in this place.
 D = Time resting spent in this place.
 E = Time spent auto-exploring this place.
 F = Levels seen in this place.
 G = Mean time per level.
                   A        B        C        D        E       F      G
               +--------+--------+--------+--------+--------+-----+--------+
         Total |   1038 |   1022 |     16 |      0 |    784 |   2 |  519.0 |
       Dungeon |   1038 |   1022 |     16 |      0 |    784 |   2 |  519.0 |
               +--------+--------+--------+--------+--------+-----+--------+

Top non-repeatable levels by time:
     D:1: 689 daAuts
     D:2: 349 daAuts
